 Dungeon Crawl Stone Soup version 0.27-a0-1502-g47ed6a6988 (webtiles) character file.

Game seed: 8144684621644307173

48295 funkygono the Nimble (level 14, -6/110 HPs)
             Began as a Gnoll Gladiator on July 8, 2021.
             Was the Champion of Okawaru.
             Mangled by a skeletal warrior (8 damage)
             ... led by a skeletal warrior
             ... on level 14 of the Dungeon.
             The game lasted 00:52:38 (19548 turns).

funkygono the Nimble (Gnoll Gladiator)             Turns: 19548, Time: 00:52:38

Health: -6/110     AC: 21    Str: 27    XL:     14   Next: 45%
Magic:  27/27      EV:  7    Int:  9    God:    Okawaru [******]
Gold:   1127       SH: 30    Dex: 14    Spells: 23/31 levels left

rFire    + . .     SeeInvis +   a - +4 demon blade (venom)
rCold    + . .     Faith    +   V - +18 shield of the Gong {rElec rN+ Will+ EV-5}
rNeg     + . .     Spirit   .   s - +4 chain mail
rPois    .         Reflect  .   c - +2 helmet
rElec    +         Harm     .   M - scarf {rC+ rF+}
rCorr    .         Rampage  .   D - +0 pair of gloves
Will     ++...                  H - +0 pair of boots
Stlth    +.........             x - amulet of faith
HPRegen  0.28/turn              b - +6 ring of strength
MPRegen  0.20/turn              v - ring of Stoicism {Str+4 SInv}

@: no status effects
A: fangs 1, strong nose, distributed training
a: Renounce Religion, Heroism, Finesse


You were on level 14 of the Dungeon.
You worshipped Okawaru.
Okawaru was exalted by your worship.
You visited 3 branches of the dungeon, and saw 17 of its levels.
You also visited: Ossuary and Bailey.

You collected 1127 gold pieces.

Inventory:

Hand Weapons
 a - a +4 demon blade of venom (weapon)
 d - the +8 long sword of Pumi {flame, *Noise Str-4 SInv Stlth+}
   (Okawaru gifted it to you on level 4 of the Lair of Beasts)

   It has been specially enchanted to burn those struck by it, causing extra
   injury to most foes and up to half again as much damage against particularly
   susceptible opponents.
   Big, fiery blades are also staple armaments of hydra-hunters.
   Str:       It affects your strength (-4).
   SInv:      It lets you see invisible.
   *Noise:    It may make noises in combat.
   Stlth:     It makes you more stealthy.
Missiles
 j - 22 boomerangs (quivered)
 T - 26 poisoned darts
Armour
 c - a +2 helmet (worn)
 o - a +1 chain mail of positive energy
 s - a +4 chain mail (worn)
 t - a +0 buckler of protection
 u - a +0 plate armour of positive energy
 B - a +2 robe of the Archmagi
 D - a +0 pair of gloves (worn)
 F - a +3 leather armour
 H - a +0 pair of boots (worn)
 J - a +2 robe of willpower
 M - a scarf of resistance (worn)
 V - the +18 shield of the Gong (worn) {rElec rN+ Will+ EV-5}
   (You found it on level 8 of the Dungeon)

   EV:        It affects your evasion (-5).
   rElec:     It insulates you from electricity.
   rN:        It protects you from negative energy.
   Will:      It increases your willpower.
Magical Staves
 L - a staff of death
Jewellery
 b - a +6 ring of strength (left hand)
 p - an amulet of the acrobat
 v - the ring of Stoicism (right hand) {Str+4 SInv}
   (You took it off an orc on level 4 of the Dungeon)

   [ring of see invisible]

   Str:       It affects your strength (+4).
   SInv:      It lets you see invisible.
 x - an amulet of faith (around neck)
 N - a ring of fire
 P - the ring "Bauduamm" {Ice Str+3 Int+4 Dex+10}
   (You took it off a tengu warrior on level 11 of the Dungeon)

   [ring of ice]

   It enhances your ice magic.
   Str:       It affects your strength (+3).
   Int:       It affects your intelligence (+4).
   Dex:       It affects your dexterity (+10).
   rF:        It makes you vulnerable to fire.
   rC:        It protects you from cold.
 S - an amulet of regeneration
Wands
 w - a wand of flame (37)
 y - a wand of acid (17)
 E - a wand of polymorph (8)
 G - a wand of iceblast (18)
 O - a wand of charming (4)
Scrolls
 i - 4 scrolls of identify
 m - 2 scrolls of blinking
 n - 5 scrolls of amnesia
 q - a scroll of fog
 r - 2 scrolls of fear
 K - a scroll of magic mapping
 Q - a scroll of teleportation
Potions
 e - 4 potions of resistance
 f - 5 potions of ambrosia
 k - 4 potions of flight
 l - 10 potions of curing
 z - a potion of berserk rage
 A - a potion of haste
 C - a potion of cancellation
 I - 3 potions of mutation
 R - a potion of might
Miscellaneous
 h - a piece from Xom's chessboard (15/15)


   Skills:
 + Level 10.3 Fighting
 + Level 9.2 Short Blades
 + Level 11.2 Long Blades
 + Level 9.2 Axes
 + Level 9.2 Maces & Flails
 + Level 9.2 Polearms
 + Level 9.2 Staves
 + Level 9.2 Slings
 + Level 9.2 Bows
 + Level 9.2 Crossbows
 + Level 10.3 Throwing
 + Level 9.2 Armour
 + Level 11.2 Dodging
 + Level 9.2 Stealth
 + Level 9.2 Shields
 + Level 9.2 Unarmed Combat
 + Level 9.2 Spellcasting
 + Level 7.7 Conjurations
 + Level 7.7 Hexes
 + Level 7.7 Summonings
 + Level 7.7 Necromancy
 + Level 7.7 Translocations
 + Level 7.7 Transmutations
 + Level 7.7 Fire Magic
 + Level 7.7 Ice Magic
 + Level 7.7 Air Magic
 + Level 7.7 Earth Magic
 + Level 7.7 Poison Magic
 + Level 10.0 Invocations
 + Level 9.2 Evocations


You had 23 spell levels left.
You knew the following spells:

 Your Spells              Type           Power      Damage    Failure   Level
a - Sting                 Tmut/Pois      72%        1d6       7%          1
b - Summon Small Mammal   Summ           72%        N/A       7%          1
c - Poisonous Vapours     Pois/Air       36%        N/A       10%         2
d - Olgreb's Toxic Radia  Pois           18%        N/A       54%         4

Your spell library contained the following spells:

 Spells                   Type           Power      Damage    Failure   Level
 Beastly Appendage        Tmut           36%        N/A       7%          1
 Corona                   Hex            20%        N/A       7%          1
 Ensorcelled Hibernation  Hex/Ice        36%        N/A       10%         2
 Passwall                 Tmut/Erth      15%        N/A       10%         2
 Slow                     Hex            18%        N/A       10%         2
 Sublimation of Blood     Necr           9%         N/A       10%         2
 Wereblood                Tmut           18%        N/A       10%         2
 Call Canine Familiar     Summ           18%        N/A       21%         3
 Confusing Touch          Hex            18%        N/A       21%         3
 Frozen Ramparts          Ice            36%        1d5       21%         3
 Ozocubu's Armour         Ice            18%        N/A       21%         3
 Spider Form              Tmut/Pois      9%         N/A       21%         3
 Summon Guardian Golem    Hex/Summ       18%        N/A       21%         3
 Swiftness                Air            18%        N/A       21%         3
 Tukima's Dance           Hex            18%        N/A       21%         3
 Vampiric Draining        Necr           9%         2d7       21%         3
 Fulminant Prism          Conj/Hex       9%         3d7       54%         4
 Ice Form                 Ice/Tmut       18%        N/A       54%         4
 Iskenderun's Mystic Bla  Conj/Tloc      18%        2d6       54%         4
 Leda's Liquefaction      Hex/Erth       9%         N/A       54%         4
 Passage of Golubria      Tloc           N/A        N/A       54%         4
 Summon Ice Beast         Ice/Summ       18%        N/A       54%         4
 Bolt of Magma            Conj/Fire/Erth 9%         4d7       88%         5
 Lee's Rapid Deconstruct  Erth           9%         3d8*      88%         5
 Metabolic Englaciation   Hex/Ice        9%         N/A       88%         5
 Summon Forest            Summ/Tloc      9%         N/A       88%         5
 Summon Mana Viper        Hex/Summ       18%        N/A       88%         5
 Yara's Violent Unravell  Hex/Tmut       9%         3d6       88%         5
 Invisibility             Hex            9%         N/A       100%        6
 Shadow Creatures         Summ           N/A        N/A       100%        6
 Simulacrum               Ice/Necr       9%         N/A       100%        6
 Statue Form              Tmut/Erth      12%        N/A       100%        6
 Orb of Destruction       Conj           9%         9d4       100%        7
 Ozocubu's Refrigeration  Ice            9%         4d6       100%        7
 Spellforged Servitor     Conj/Summ      9%         N/A       100%        7
 Summon Hydra             Summ           9%         N/A       100%        7


Dungeon Overview and Level Annotations

Branches:
Dungeon (11/15)            Temple (1/1) D:7            Lair (4/6) D:8
  Swamp (0/4) Lair:2       Spider (0/4) Lair:2      Ossuary (visited)
 Bailey (visited)
    Orc: D:9-12

Altars:
Ashenzari
Cheibriados
Dithmenos
Elyvilon
Fedhas
Gozag
Hepliaklqana
Kikubaaqudgha
Makhleb
Nemelex Xobeh
Okawaru
Qazlal
Ru
Sif Muna
Trog
Uskayaw
Vehumet
Wu Jian
Xom
Yredelemnul
Zin
The Shining One
Beogh

Shops:
D:1 (   D:5 *

Annotations:
D:5 3 runed translucent doors, Lanoc's ghost, amateur DsTm


Innate Abilities, Weirdness & Mutations

You have very sharp teeth.
Your uncanny sense of smell can sniff out nearby items.
Your experience applies equally to all skills.


Message History

The skeletal warrior is severely damaged.
You block the skeletal warrior's attack.
BOUMMMMG!
You block the skeletal warrior's attack.
PANG!
You slash the skeletal warrior!
The skeletal warrior is almost destroyed.
You block the skeletal warrior's attack.
GONNNNG!
You block the skeletal warrior's attack.
GONNNNG!
You slice the skeletal warrior!!
You destroy the skeletal warrior!
Okawaru accepts your kill.
You block the skeletal warrior's attack.
GONNNNG!
The skeletal warrior hits you from afar with a +3 halberd!
* * * LOW HITPOINT WARNING * * *
The skeletal warrior hits you with a +0 trident.
* * * LOW HITPOINT WARNING * * *
Items here: ( )))) ? [[[ ÷÷ †.
You hit the skeletal warrior but do no damage.
You block the skeletal warrior's attack.
GONNNNG!
You block the skeletal warrior's attack.
PANG!
You slash the skeletal warrior!
The skeletal warrior is moderately damaged.
The skeletal warrior hits you from afar with a +3 halberd!
* * * LOW HITPOINT WARNING * * *
You closely miss the skeletal warrior.
The skeletal warrior is moderately damaged.
You block the skeletal warrior's attack.
BONNNG!
You block the skeletal warrior's attack.
GONNNNG!
You slash the skeletal warrior!
The skeletal warrior is heavily damaged.
The skeletal warrior hits you with a +0 trident!
You die...

#.#.##.........#
#.#.#..#.....#.#
#.#.#..........[
#.#.#..#.⌠.⌠.#[#
#.#.##.W.......# #
#.#.#..#.....#.#
#.######.#.#.(..._....#
#...()@zz.....#.....#.#
########.#............#
#.##...#.⌠.⌠.#..
#...............
###..#.#.....#..
#..#.......(..
#.............
......>..###..
#......##.# ..


You could see 2 skeletal warriors.

Vanquished Creatures
  Gastronok (Lair:2)
  Kirke (Lair:4)
  Nessos (D:14)
  Josephine (D:14)
  4 hydras
  A centaur warrior (D:14)
  3 boulder beetles
  3 two-headed ogres
  5 death yaks (Lair:4)
  A death knight (D:14)
  2 tengu warriors (D:11)
  Urug (Lair:4)
  Nergalle (D:10)
  5 skeletal warriors (D:14)
  An orc knight (Bailey)
  Pikel (D:5)
  2 cyclopes
  2 vault sentinels (D:8)
  5 black mambas
  3 cane toads
  2 freezing wraiths (D:14)
  3 komodo dragons
  2 rime drakes
  A troll (D:14)
  6 jumping spiders (Lair:2)
  Grinder (D:3)
  10 blink frogs
  4 wraiths (D:14)
  Sigmund (D:5)
  5 redbacks (Lair:2)
  16 yaks
  A wyvern (D:10)
  A hog (Lair:4)
  3 basilisks
  11 vampire mosquitoes
  An acid dragon (D:14)
  4 water moccasins
  3 black bears
  An ice beast (D:5)
  15 orc warriors
  A necrophage (D:5)
  4 ogres
  7 centaurs
  47 wolves
  2 lemures (D:5)
  4 kobold brigands
  9 bullfrogs
  A wyvern zombie (D:9)
  3 scorpions
  A water moccasin zombie (D:5)
  A wyvern skeleton (D:7)
  27 killer bees
  5 howler monkeys
  4 centaur zombies
  A centaur skeleton (D:6)
  2 hounds (D:5)
  A jelly (D:8)
  A gnoll shaman (D:8)
  4 orc priests
  A bullfrog skeleton (D:6)
  3 iguanas (D:4)
  A scorpion zombie (D:5)
  11 orc wizards
  5 hell rats (Lair:4)
  A statue (D:10)
  A hound zombie (D:5)
  2 mummies (Ossuary)
  2 hound skeletons (D:4)
  3 howler monkey zombies
  14 gnolls
  7 adders
  2 shadow imps (D:7)
  An adder skeleton (D:4)
  2 worms
  4 dart slugs
  80 orcs
  10 ball pythons
  A bat skeleton (D:11)
  2 bat zombies (D:11)
  14 endoplasms
  3 giant cockroaches
  18 goblins
  10 hobgoblins
  3 jackals (D:2)
  5 quokkas
  2 bats
  3 frilled lizards
  2 goblin zombies (Ossuary)
  34 kobolds
  3 kobold zombies
  2 orc zombies (Ossuary)
  4 rats
516 creatures vanquished.

Vanquished Creatures (others)
  A hell rat (Lair:4)
  19 fungi
  19 plants
39 creatures vanquished.

Grand Total: 555 creatures vanquished

Notes
Turn   | Place    | Note
-------+----------+-------------------------------------------
     0 | D:1      | funkygono the Gnoll Gladiator began the quest for the Orb.
     0 | D:1      | Reached XP level 1. HP: 20/20 MP: 1/1
    20 | D:1      | Found Wetzif's Weapon Emporium.
   235 | D:1      | Reached XP level 2. HP: 26/26 MP: 2/2
   299 | D:1      | Found a faded altar of an unknown god.
   761 | D:1      | Reached XP level 3. HP: 31/31 MP: 3/3
  1281 | D:2      | Reached skill level 1 in Invocations
  1322 | D:2      | Reached skill level 1 in Short Blades
  1322 | D:2      | Reached skill level 1 in Axes
  1322 | D:2      | Reached skill level 1 in Maces & Flails
  1322 | D:2      | Reached skill level 1 in Polearms
  1322 | D:2      | Reached skill level 1 in Staves
  1322 | D:2      | Reached skill level 1 in Slings
  1322 | D:2      | Reached skill level 1 in Bows
  1322 | D:2      | Reached skill level 1 in Crossbows
  1322 | D:2      | Reached skill level 1 in Armour
  1322 | D:2      | Reached skill level 1 in Stealth
  1322 | D:2      | Reached skill level 1 in Shields
  1322 | D:2      | Reached skill level 1 in Unarmed Combat
  1322 | D:2      | Reached skill level 1 in Spellcasting
  1322 | D:2      | Reached skill level 1 in Evocations
  1322 | D:2      | Reached XP level 4. HP: 34/38 MP: 5/5
  2068 | D:3      | Reached skill level 1 in Conjurations
  2068 | D:3      | Reached skill level 1 in Hexes
  2068 | D:3      | Reached skill level 1 in Summonings
  2068 | D:3      | Reached skill level 1 in Necromancy
  2068 | D:3      | Reached skill level 1 in Translocations
  2068 | D:3      | Reached skill level 1 in Transmutations
  2068 | D:3      | Reached skill level 1 in Fire Magic
  2068 | D:3      | Reached skill level 1 in Ice Magic
  2068 | D:3      | Reached skill level 1 in Air Magic
  2068 | D:3      | Reached skill level 1 in Earth Magic
  2068 | D:3      | Reached skill level 1 in Poison Magic
  2415 | D:3      | Reached XP level 5. HP: 13/43 MP: 5/7
  2866 | D:3      | Noticed Grinder
  2876 | D:3      | Paralysed by Grinder for 4 turns
  2879 | D:3      | Killed Grinder
  2880 | D:3      | Reached skill level 5 in Fighting
  2880 | D:3      | Reached skill level 5 in Throwing
  2880 | D:3      | Reached XP level 6. HP: 26/51 MP: 7/9
  3462 | D:4      | Reached XP level 7. HP: 17/56 MP: 10/10
  3826 | D:4      | Identified the ring of Stoicism {Str+4 SInv}
  4519 | D:5      | Entered Level 5 of the Dungeon
  4534 | D:5      | Reached XP level 8. HP: 58/63 MP: 12/12
  4683 | D:5      | Noticed Sigmund
  4689 | D:5      | Killed Sigmund
  4786 | D:5      | Noticed Pikel
  4809 | D:5      | Killed Pikel
  4810 | D:5      | Reached XP level 9. HP: 69/69 MP: 14/14
  5177 | D:5      | Found Xiozeor's General Store.
  5370 | D:5      | Found a runed translucent gate.
  5370 | D:5      | Noticed Lanoc's ghost (amateur DsTm)
  5377 | D:5      | Found a runed translucent gate.
  5378 | D:5      | Found a runed translucent gate.
  5617 | D:6      | Found a sand-covered staircase.
  5623 | Ossuary  | Entered an ossuary
  6730 | D:6      | Found a bloodstained altar of Trog.
  7308 | D:7      | Reached skill level 5 in Invocations
  7486 | D:7      | Identified the +0 helmet of Viuref {-Tele rElec Will+}
  8181 | D:7      | Found a staircase to the Ecumenical Temple.
  8189 | Temple   | Entered the Ecumenical Temple
  8375 | Temple   | Became a worshipper of Warmaster Okawaru
  8625 | D:8      | Reached XP level 10. HP: 77/77 MP: 17/17
  8737 | D:8      | Reached skill level 5 in Short Blades
  8737 | D:8      | Reached skill level 5 in Axes
  8737 | D:8      | Reached skill level 5 in Maces & Flails
  8737 | D:8      | Reached skill level 5 in Polearms
  8737 | D:8      | Reached skill level 5 in Staves
  8737 | D:8      | Reached skill level 5 in Slings
  8737 | D:8      | Reached skill level 5 in Bows
  8737 | D:8      | Reached skill level 5 in Crossbows
  8737 | D:8      | Reached skill level 5 in Armour
  8737 | D:8      | Reached skill level 5 in Stealth
  8737 | D:8      | Reached skill level 5 in Shields
  8737 | D:8      | Reached skill level 5 in Unarmed Combat
  8737 | D:8      | Reached skill level 5 in Spellcasting
  8737 | D:8      | Reached skill level 5 in Evocations
  8973 | D:8      | Reached * piety under Okawaru
  9069 | D:8      | Noticed a vault sentinel
  9069 | D:8      | Noticed a vault sentinel
  9100 | D:8      | Killed a vault sentinel
  9111 | D:8      | Killed a vault sentinel
  9131 | D:8      | Reached ** piety under Okawaru
  9204 | D:8      | Found the +18 shield of the Gong {rElec rN+ Will+ EV-5}
  9494 | D:8      | Found a staircase to the Lair.
  9822 | Lair:1   | Entered Level 1 of the Lair of Beasts
  9864 | Lair:1   | Noticed a black mamba
  9950 | Lair:1   | Noticed a four-headed hydra
  9969 | D:8      | Killed a black mamba
  9973 | D:8      | Reached *** piety under Okawaru
 10289 | Lair:1   | Killed a four-headed hydra
 10290 | Lair:1   | Noticed a cane toad
 10294 | Lair:1   | Killed a cane toad
 10294 | Lair:1   | Reached **** piety under Okawaru
 10295 | Lair:1   | Reached XP level 11. HP: 83/84 MP: 17/19
 10522 | Lair:1   | Learned a level 1 spell: Sting
 11022 | Lair:2   | Received a gift from Okawaru
 11023 | Lair:2   | Reached skill level 5 in Conjurations
 11023 | Lair:2   | Reached skill level 5 in Hexes
 11023 | Lair:2   | Reached skill level 5 in Summonings
 11023 | Lair:2   | Reached skill level 5 in Necromancy
 11023 | Lair:2   | Reached skill level 5 in Translocations
 11023 | Lair:2   | Reached skill level 5 in Transmutations
 11023 | Lair:2   | Reached skill level 5 in Fire Magic
 11023 | Lair:2   | Reached skill level 5 in Ice Magic
 11023 | Lair:2   | Reached skill level 5 in Air Magic
 11023 | Lair:2   | Reached skill level 5 in Earth Magic
 11023 | Lair:2   | Reached skill level 5 in Poison Magic
 11135 | Lair:2   | Reached ***** piety under Okawaru
 11136 | Lair:2   | Received a gift from Okawaru
 11344 | Lair:1   | Received a gift from Okawaru
 11891 | Lair:2   | Noticed Gastronok
 12004 | Lair:2   | Received a gift from Okawaru
 12305 | Lair:2   | Reached XP level 12. HP: 94/94 MP: 22/22
 12332 | Lair:2   | Found a hole to the Spider Nest.
 12384 | Lair:2   | Killed Gastronok
 12682 | Lair:2   | Received a gift from Okawaru
 12766 | Lair:2   | Received a gift from Okawaru
 12781 | Lair:2   | Found a staircase to the Swamp.
 13540 | Lair:2   | Learned a level 1 spell: Summon Small Mammal
 13652 | Lair:3   | Received a gift from Okawaru
 13681 | Lair:3   | Noticed a boulder beetle
 13683 | Lair:3   | Reached skill level 10 in Long Blades
 13683 | Lair:3   | Reached skill level 10 in Dodging
 13693 | Lair:3   | Killed a boulder beetle
 13719 | Lair:3   | Noticed a six-headed hydra
 13744 | Lair:2   | Killed a six-headed hydra
 14197 | Lair:3   | Reached ****** piety under Okawaru
 14197 | Lair:3   | Noticed a five-headed hydra
 14214 | Lair:3   | Killed a five-headed hydra
 14939 | Lair:4   | Received a gift from Okawaru
 14940 | Lair:4   | Reached XP level 13. HP: 100/101 MP: 24/24
 15072 | Lair:4   | Received a gift from Okawaru
 15094 | Lair:4   | Identified the +8 long sword of Pumi {flame, *Noise Str-4
                  | SInv Stlth+} (Okawaru gifted it to you on level 4 of the
                  | Lair of Beasts)
 15094 | Lair:4   | Received a gift from Okawaru
 15094 | Lair:4   | Noticed Urug
 15095 | Lair:4   | Noticed Kirke
 15129 | Lair:4   | Killed Kirke
 15141 | Lair:4   | Killed Urug
 15877 | Lair:4   | Learned a level 2 spell: Poisonous Vapours
 16242 | D:9      | Found a shimmering altar of Xom.
 16243 | D:9      | Found a hazy altar of Hepliaklqana.
 16428 | D:9      | Found a flagged portal.
 16440 | Bailey   | Entered a bailey
 17064 | D:9      | Received a gift from Okawaru
 17606 | D:9      | Learned a level 4 spell: Olgreb's Toxic Radiance
 17645 | D:10     | Entered Level 10 of the Dungeon
 17733 | D:10     | Noticed Nergalle
 17765 | D:10     | Killed Nergalle
 18219 | D:10     | Found a radiant altar of Vehumet.
 18510 | D:11     | Identified the ring "Bauduamm" {Ice Str+3 Int+4 Dex+10}
 18606 | D:11     | Reached XP level 14. HP: 71/109 MP: 26/26
 18897 | D:11     | Reached skill level 10 in Fighting
 18897 | D:11     | Reached skill level 10 in Throwing
 18969 | D:11     | Received a gift from Okawaru
 19180 | D:11     | You fall into a shaft and drop 3 floors!
 19206 | D:14     | Found a white marble altar of Elyvilon.
 19206 | D:14     | Noticed Josephine
 19259 | D:14     | Killed Josephine
 19259 | D:14     | Received a gift from Okawaru
 19295 | D:14     | Noticed Nessos
 19322 | D:14     | Killed Nessos
 19511 | D:14     | Reached skill level 10 in Invocations
 19530 | D:14     | Received a gift from Okawaru
 19546 | D:14     | HP: 2/110 [skeletal warrior[a skeletal warrior] (13)]
 19548 | D:14     | Mangled by a skeletal warrior

Illustrated notes

Levels and vault maps discovered:
D:1:      onia_arrival_mini_spirals, layout_loops_ring, serial_shops,
          nicolae_shop_stone, shapermc_ecumenical_altar_flowoftime, st_stairs_1
D:2:      layout_basic, kennysheep_generic_room_10
D:3:      layout_loops_ring, kennysheep_generic_room_4, uniq_grinder
D:4:      minmay_recursive_quarters, layout_basic, solitary_fountain
D:5:      layout_basic, serial_curves, eino_curves_01, eino_curves_04,
          serial_shops, shop, gammafunk_ghost_nasty_kobolds,
          kennysheep_generic_room_5, uniq_sigmund, uniq_pikel
D:6:      corexii_shantytown, layout_loops_ring, trog_ov_bears_minmay,
          enter_ossuary_3
D:7:      layout_basic, minmay_temple_entry_glassed_door, hex_tiny
D:8:      layout_loops_ring, lair_entry_dummy, minivault_10,
          hellmonk_guarded_unrand_gong
D:9:      layout_loops_corners, regret_index_temple_of_mockery, enter_bailey_6
D:10:     layout_loops_ring, vehumet_statue, special_room [special_room_orc],
          uniq_nergalle
D:11:     layout_long_grid, kennysheep_vampire_church
D:14:     layout_loops_ring, elyvilon_altar_5, gammafunk_ghost_crypt,
          fountainhead, uniq_nessos, uniq_roxanne, uniq_josephine
Temple:   dpeg_five_rooms_temple
Lair:1:   layout_hall_layers, hangedman_lair_unloving_vines,
          infiniplex_staircase_pool_2
Lair:2:   layout_cave_pods, minmay_swamp_entry_swarm,
          nicolae_spider_entry_tight_spaces, minmay_holes,
          nicolae_quartered_pool_super, minivault_27,
          grunt_forest_large_clearings, infiniplex_staircase_pool,
          lemuel_fruit_fields, uniq_gastronok
Lair:3:   layout_big_grid, st_stairs_6, minivault_23,
          chequers_serial_rivers_micro_b, beast_lair_carwin_3
Lair:4:   layout_gridlike, grunt_megastairs_1, uniq_urug, uniq_kirke

Skill      XL: |  1  2  3  4  5  6  7  8  9 10 11 12 13 14 |
---------------+-------------------------------------------+-----
Invocations    | 1 2 3 4 5 6 7 8 9 10 | 10.0
Short Blades   | 1 2 3 4 5 6 7 8 9 |  9.2
Axes           | 1 2 3 4 5 6 7 8 9 |  9.2
Maces & Flails | 1 2 3 4 5 6 7 8 9 |  9.2
Polearms       | 1 2 3 4 5 6 7 8 9 |  9.2
Staves         | 1 2 3 4 5 6 7 8 9 |  9.2
Slings         | 1 2 3 4 5 6 7 8 9 |  9.2
Bows           | 1 2 3 4 5 6 7 8 9 |  9.2
Crossbows      | 1 2 3 4 5 6 7 8 9 |  9.2
Armour         | 1 2 3 4 5 6 7 8 9 |  9.2
Stealth        | 1 2 3 4 5 6 7 8 9 |  9.2
Shields        | 1 2 3 4 5 6 7 8 9 |  9.2
Unarmed Combat | 1 2 3 4 5 6 7 8 9 |  9.2
Spellcasting   | 1 2 3 4 5 6 7 8 9 |  9.2
Evocations     | 1 2 3 4 5 6 7 8 9 |  9.2
Conjurations   | 1 2 3 4 5 6 7 |  7.7
Hexes          | 1 2 3 4 5 6 7 |  7.7
Summonings     | 1 2 3 4 5 6 7 |  7.7
Necromancy     | 1 2 3 4 5 6 7 |  7.7
Translocations | 1 2 3 4 5 6 7 |  7.7
Transmutations | 1 2 3 4 5 6 7 |  7.7
Fire Magic     | 1 2 3 4 5 6 7 |  7.7
Ice Magic      | 1 2 3 4 5 6 7 |  7.7
Air Magic      | 1 2 3 4 5 6 7 |  7.7
Earth Magic    | 1 2 3 4 5 6 7 |  7.7
Poison Magic   | 1 2 3 4 5 6 7 |  7.7
Fighting       | 5 6 7 8 9 10 | 10.3
Throwing       | 5 6 7 8 9 10 | 10.3
Long Blades    | 7 8 9 10 11 | 11.2
Dodging        | 7 8 9 10 11 | 11.2

Action                   |  1- 3 |  4- 6 |  7- 9 | 10-12 | 13-15 || total
-------------------------+-------+-------+-------+-------+-------++-------
Melee: Long sword        |    95 |    55 |       |       |       ||   150
       Bite              |    12 |     9 |    37 |    75 |   113 ||   246
       Punch             |     1 |     1 |     7 |       |       ||     9
       Demon blade       |       |    50 |   313 |   419 |   625 ||  1407
       Whip              |       |       |       |    28 |    49 ||    77
 Fire: Shortbow          |       |       |    36 |     5 |       ||    41
Throw: Throwing net      |       |     1 |     4 |     1 |       ||     6
       Boomerang         |       |       |     6 |    80 |    13 ||    99
       Dart              |       |       |       |    41 |    21 ||    62
 Cast: Sting             |       |       |       |    11 |       ||    11
Invok: Heroism           |       |       |       |     6 |    11 ||    17
  Use: Scroll            |     3 |     4 |    14 |     7 |     2 ||    30
       Potion            |       |       |       |     5 |     2 ||     7
 Stab: Sleeping          |     3 |     1 |       |       |       ||     4
Armor: Leather armour    |    27 |    12 |     5 |       |       ||    44
       Chain mail        |       |       |   143 |   217 |    95 ||   455
Dodge: Dodged            |    61 |    53 |   136 |   113 |    63 ||   426
Block: Kite shield       |       |       |       |   710 |   910 ||  1620
       Rpst.: Long sword |    18 |     9 |       |       |       ||    27
       Demon blade       |       |     5 |    35 |    28 |    16 ||    84

Table legend: (Time is in decaauts)
 A = Elapsed time spent in this place.
 B = Non-inter-level travel time spent in this place.
 C = Inter-level travel time spent in this place.
 D = Time resting spent in this place.
 E = Time spent auto-exploring this place.
 F = Levels seen in this place.
 G = Mean time per level.
                   A        B        C        D        E       F      G
               +--------+--------+--------+--------+--------+-----+--------+
         Total |  19351 |  18622 |    729 |   1020 |  13348 |  19 | 1018.5 |
       Dungeon |  12654 |  12393 |    261 |    361 |   9127 |  12 | 1054.5 |
        Temple |    267 |    218 |     49 |      0 |    211 |   1 |  267.0 |
          Lair |   5695 |   5276 |    419 |    659 |   3593 |   4 | 1423.8 |
       Ossuary |    208 |    208 |      0 |      0 |    137 |   1 |  208.0 |
        Bailey |    525 |    525 |      0 |      0 |    280 |   1 |  525.0 |
               +--------+--------+--------+--------+--------+-----+--------+

Top non-repeatable levels by time:
  Lair:2: 1907 daAuts
  Lair:1: 1822 daAuts
     D:8: 1753 daAuts
     D:6: 1465 daAuts
     D:4: 1401 daAuts
     D:1: 1248 daAuts
     D:5: 1083 daAuts
     D:9: 1050 daAuts
     D:3: 1049 daAuts
  Lair:3: 1007 daAuts
     D:7: 962 daAuts
  Lair:4: 957 daAuts
    D:10: 828 daAuts
     D:2: 824 daAuts
    D:11: 666 daAuts
